AoeStats
← bigbrd1026

Hill Fort

505153422Analyzed
3v3 RM · 24d ago on Sep 8, 2026· 64m 40s· 6 players
Game mode
Random Map
Map size
Normal (6 player)
Population
200
Speed
Normal
Resources
Standard
Victory
Conquest
Starting age
Dark Age
Ending age
Imperial Age
RankedLock teamsTeams togetherTeam positionsShared explorationLock speedFull tech treeHidden civsTurbo modeCheats
Victory
Defeat
🇺🇸 Romans · United States
932
+18
🇺🇸 Aztecs · United States
931
+18
🇺🇸 Bulgarians · United States
887
+20
🇺🇸 Franks · United States
1010
-54
🇺🇸 Britons · United States
971
-44
🇺🇸 Ethiopians · United States
956
-38
prettyawesomeguy
11:43 Feudal Age
13:11 Wheelbarrow
13:01 Double-Bit Axe
13:00 Horse Collar
20:48 Castle Age
21:45 Fletching
24:30 Bow Saw
24:13 Gold Mining
24:16 Stone Mining
24:31 Bodkin Arrow
25:38 Padded Archer Armor
28:02 Heavy Plow
31:24 Imperial Age
31:32 Leather Archer Armor
32:30 Hand Cart
33:42 Bracer
35:37 Heavy Cavalry Archer
38:50 Conscription
38:53 Yeomen
38:27 Pikeman
41:02 Forging
41:47 Elite Longbowman
43:05 Ring Archer Armor
44:52 Squires
47:36 Gold Shaft Mining
49:26 Ballistics
50:16 Chemistry
54:48 Halberdier
56:15 Crossbowman
59:12 Arbalester
61:03 Two-Man Saw
bowden
11:59 Feudal Age
13:39 Fletching
17:40 Castle Age
19:28 Castle Age
19:40 Scale Mail Armor
19:52 Forging
24:26 Husbandry
25:06 Wheelbarrow
31:15 Scale Barding Armor
31:45 Iron Casting
32:47 Hand Cart
33:27 Double-Bit Axe
34:24 Pikeman
35:06 Squires
37:53 Chain Barding Armor
38:31 Loom
40:55 Bow Saw
41:22 Fervor
44:19 Imperial Age
44:33 Cavalier
45:50 Plate Barding Armor
46:16 Blast Furnace
47:24 Conscription
50:58 Paladin
53:10 Chain Mail Armor
bigbrd1026
7:40 Loom
10:36 Feudal Age
19:18 Castle Age
18:37 Double-Bit Axe
18:43 Gold Mining
19:22 Crossbowman
21:07 Thumb Ring
21:28 Fletching
31:27 Wheelbarrow
31:11 Bodkin Arrow
35:38 Hand Cart
35:36 Padded Archer Armor
36:06 Stone Mining
36:52 Gold Shaft Mining
38:37 Ballistics
42:44 Imperial Age
42:26 Leather Archer Armor
43:30 Bracer
44:00 Ring Archer Armor
42:53 Arbalester
46:03 Capped Ram
47:18 Caravan
47:34 Guilds
51:39 Siege Ram
56:05 Bow Saw
59:25 Conscription
58:40 Sappers
StrawTrash
6:50 Loom
10:25 Feudal Age
11:06 Double-Bit Axe
11:17 Horse Collar
14:51 Forging
15:40 Scale Mail Armor
19:49 Wheelbarrow
22:31 Castle Age
25:23 Bloodlines
26:15 Scale Barding Armor
27:16 Stone Mining
27:39 Bow Saw
27:32 Heavy Plow
28:18 Light Cavalry
32:49 Hand Cart
34:34 Stone Shaft Mining
37:43 Iron Casting
37:28 Chain Barding Armor
36:59 Fletching
37:13 Caravan
41:43 Imperial Age
40:03 Bodkin Arrow
43:30 Stirrups
44:57 Blast Furnace
47:21 Hussar
52:04 Ballistics
54:03 Husbandry
54:41 Plate Barding Armor
58:26 Murder Holes
59:32 Chemistry
60:20 Bracer
63:21 Elite Konnik
Broseph Stylin
11:10 Feudal Age
11:38 Double-Bit Axe
13:55 Horse Collar
14:07 Man-at-Arms
15:12 Arson
17:25 Scale Mail Armor
18:27 Wheelbarrow
19:48 Forging
24:47 Castle Age
22:58 Gold Mining
22:59 Stone Mining
26:36 Squires
26:22 Gambesons
25:59 Eagle Warrior
26:28 Pikeman
26:55 Gambesons
29:36 Chain Mail Armor
29:57 Iron Casting
34:42 Imperial Age
38:27 Bow Saw
38:24 Heavy Plow
38:21 Elite Jaguar Warrior
41:36 Blast Furnace
44:27 Eagle Warrior
46:03 Hand Cart
46:46 Town Watch
46:47 Loom
48:13 Garland Wars
51:21 Plate Mail Armor
52:29 Elite Eagle Warrior
53:36 Conscription
BB
7:07 Loom
10:16 Feudal Age
10:50 Double-Bit Axe
11:14 Horse Collar
11:01 Man-at-Arms
15:32 Scale Mail Armor
19:56 Castle Age
18:43 Forging
22:09 Chain Mail Armor
21:51 Long Swordsman
22:33 Squires
23:43 Iron Casting
23:01 Gold Mining
28:54 Wheelbarrow
30:19 Bloodlines
30:10 Husbandry
32:05 Heavy Plow
35:17 Scale Barding Armor
41:53 Imperial Age
39:40 Hand Cart
39:11 Town Watch
40:47 Caravan
43:00 Legionary
44:46 Conscription
44:49 Elite Centurion
47:40 Ballistas
49:34 Blast Furnace
48:55 Chain Barding Armor
52:06 Crop Rotation
53:44 Fletching
54:32 Plate Barding Armor
55:10 Comitatenses
60:12 Capped Ram
61:12 Siege Ram
61:14 Heavy Scorpion
Connection lost

Rejoining the realm…

Still unreachable

The connection could not be restored.

Session expired

The server has moved on; the page needs a fresh start.